 Dungeon Crawl Stone Soup version 0.25-a0-578-gc91f01c39c (webtiles) character file.

Game seed: 14620631613048206670, levelgen mode: deterministic

22093 Kohma the Martial Artist (level 12, -7/92 HPs)
             Began as a Gnoll Transmuter on Mar 3, 2020.
             Was a High Priest of Okawaru.
             Mangled by a death yak (13 damage)
             ... on level 5 of the Lair of Beasts on Mar 4, 2020.
             The game lasted 01:01:27 (17976 turns).

Kohma the Martial Artist (Gnoll Transmuter)        Turns: 17976, Time: 01:01:27

Health: -7/92      AC: 22    Str: 14    XL:     12   Next: 96%
Magic:  24/25      EV: 17    Int: 23    God:    Okawaru [*****.]
Gold:   1092       SH:  6    Dex: 15    Spells: 10/29 levels left

rFire    + . .     SeeInvis .   b - +0 demon blade (flame)
rCold    + . .     Gourm    .   O - +0 buckler {rF+}
rNeg     . . .     Faith    .   S - +4 troll leather armour
rPois    +         Spirit   .   J - +2 helmet {Int+3}
rElec    .         Reflect  .   r - +1 cloak of Bank {rPois}
rCorr    .         Harm     .   h - +2 pair of gloves
MR       .....                  (no boots)
Stlth    ++++......             g - amulet of the acrobat
HPRegen  0.65/turn              u - +4 ring of protection
MPRegen  0.19/turn              i - ring of protection from cold

@: about to teleport, slowed, very slow
A: distributed training, fangs 1, strong nose
a: Heroism, Finesse, Renounce Religion


You were on level 5 of the Lair of Beasts.
You worshipped Okawaru.
Okawaru was extremely pleased with you.
You were very hungry.

You visited 3 branches of the dungeon, and saw 17 of its levels.

You collected 1092 gold pieces.

Inventory:

Hand Weapons
 b - a +0 demon blade of flaming (weapon)
 l - the +2 longbow of Triumph {flame, rElec rF+ rC+}
   (Okawaru gifted it to you on level 2 of the Lair of Beasts)

   It causes projectiles fired from it to burn those they strike, causing extra
   injury to most foes and up to half again as much damage against particularly
   susceptible opponents.
   It protects you from fire.
   It protects you from cold.
   It insulates you from electricity.
Missiles
 a - 328 arrows
 q - 22 poisoned darts
 E - 4 javelins (quivered)
Armour
 h - a +2 pair of gloves (worn)
 p - a +2 robe of cold resistance
 r - the +1 cloak of Bank (worn) {rPois}
   (You found it on level 5 of the Dungeon)

   It protects you from poison.
   If you remove this armour, your AC will decrease by 2 (22 -> 20).
 y - the +15 Maxwell's patent armour {-Cast -Tele rElec MR+ rCorr}
   (Okawaru gifted it to you on level 10 of the Dungeon)

   It insulates you from electricity.
   It affects your resistance to hostile enchantments.
   It prevents spellcasting.
   It prevents most forms of teleportation.
   It provides partial protection from all sources of acid and corrosion.
   If you switch to wearing this armour, your AC will increase by 19 (22 -> 41).
 D - the cursed +0 chain mail of Bitterness {rN+, unknown}
   (You found it on level 11 of the Dungeon)

   It protects you from negative energy.
   If you switch to wearing this armour, your AC will increase by 1 (22 -> 23).
   It has a curse placed upon it.
 F - the +1 cloak of Starlight {rElec rC+ EV+4 Stlth--}
   (You found it on level 10 of the Dungeon)

   It affects your evasion (+4).
   It protects you from cold.
   It insulates you from electricity.
   It makes you much less stealthy.
   If you switch to wearing this armour, your AC will remain unchanged.
 J - a +2 helmet of intelligence (worn)
 O - a +0 buckler of fire resistance (worn)
 S - a +4 troll leather armour (worn)
Jewellery
 g - an amulet of the acrobat (around neck)
 i - a ring of protection from cold (right hand)
 n - an uncursed ring of fire
 o - an uncursed ring of protection from fire
 u - a +4 ring of protection (left hand)
 C - an uncursed ring of protection from magic
 K - an uncursed ring of ice
Wands
 k - a wand of acid (5)
 m - a wand of flame (86)
 Q - a wand of polymorph (14)
 R - a wand of iceblast (14)
Scrolls
 f - 2 scrolls of enchant weapon
 v - a scroll of enchant armour
 x - 4 scrolls of teleportation
 z - 3 scrolls of amnesia
 B - 5 scrolls of immolation
 G - 3 scrolls of fog
 H - a scroll of magic mapping
 M - 8 scrolls of remove curse
Potions
 c - 8 potions of haste
 e - a potion of berserk rage {unknown}
 j - 4 potions of brilliance
 s - 5 potions of might
 w - 3 potions of curing
 A - 4 potions of heal wounds
 I - 4 potions of mutation {unknown}
 P - a potion of flight {unknown}
Miscellaneous
 L - a lightning rod (3/4)
 N - a phantom mirror
Comestibles
 d - 33 rations
 t - 3 chunks of flesh


   Skills:
 + Level 8.1 Fighting
 + Level 7.6 Short Blades
 + Level 7.6 Long Blades
 + Level 7.6 Axes
 + Level 7.6 Maces & Flails
 + Level 7.6 Polearms
 + Level 7.6 Staves
 + Level 7.6 Slings
 + Level 7.6 Bows
 + Level 7.6 Crossbows
 + Level 7.6 Throwing
 + Level 7.6 Armour
 + Level 9.0 Dodging
 + Level 7.6 Stealth
 + Level 7.6 Shields
 + Level 10.1 Unarmed Combat
 + Level 9.2 Spellcasting
 + Level 6.3 Conjurations
 + Level 6.3 Hexes
 + Level 6.3 Charms
 + Level 6.3 Summonings
 + Level 6.3 Necromancy
 + Level 6.3 Translocations
 + Level 7.5 Transmutations
 + Level 6.3 Fire Magic
 + Level 6.3 Ice Magic
 + Level 6.3 Air Magic
 + Level 6.3 Earth Magic
 + Level 6.3 Poison Magic
 + Level 8.4 Invocations
 + Level 7.6 Evocations


You had 10 spell levels left.
You knew the following spells:

 Your Spells              Type           Power        Failure   Level  Hunger
a - Summon Lightning Spi  Summ/Air       #####...     5%          4    ##.....
b - Sticks to Snakes      Tmut           #####...     1%          2    None
c - Spider Form           Tmut/Pois      #####.....   1%          3    None
d - Song of Slaying       Chrm           #####...     1%          2    None
e - Apportation           Tloc           #####.       1%          1    None
f - Summon Butterflies    Summ           #####...     1%          1    None
g - Confusing Touch       Hex            #####...     1%          3    None
h - Spectral Weapon       Hex/Chrm       #####...     1%          3    None

Your spell library contained the following spells:

 Spells                   Type           Power        Failure   Level  Hunger
 Beastly Appendage        Tmut           #####.       1%          1    None
 Corona                   Hex            #####..      1%          1    None
 Infusion                 Chrm           ####         1%          1    None
 Magic Dart               Conj           ####         1%          1    None
 Summon Small Mammal      Summ           ####         1%          1    None
 Call Imp                 Summ           #####...     1%          2    None
 Ensorcelled Hibernation  Hex/Ice        #####.       1%          2    None
 Searing Ray              Conj           #####.       1%          2    None
 Shroud of Golubria       Chrm/Tloc      #####.       1%          2    None
 Call Canine Familiar     Summ           #####...     1%          3    None
 Dazzling Flash           Conj/Hex       #####.       1%          3    None
 Lesser Beckoning         Tloc           #####.....   1%          3    None
 Ozocubu's Armour         Chrm/Ice       #####...     1%          3    None
 Summon Guardian Golem    Hex/Summ       #####...     1%          3    None
 Tukima's Dance           Hex            #####...     1%          3    None
 Ice Form                 Ice/Tmut       #####...     4%          4    ##.....
 Fulminant Prism          Conj/Hex       #####.....   5%          4    ##.....
 Iskenderun's Mystic Bla  Conj/Tloc      #####...     5%          4    ##.....
 Summon Ice Beast         Ice/Summ       #####...     5%          4    ##.....
 Blade Hands              Tmut           #####.....   10%         5    ####...
 Alistair's Intoxication  Tmut/Pois      #####...     12%         5    ####...
 Invisibility             Hex            #####...     63%         6    ######.


Dungeon Overview and Level Annotations

Branches:
Dungeon (11/15)            Temple (1/1) D:4            Lair (5/6) D:11
 Shoals (0/4) Lair:2        Snake (0/4) Lair:4        Slime (0/5) Lair:5
    Orc: D:9-12

Altars:
Ashenzari
Cheibriados
Dithmenos
Elyvilon
Fedhas
Gozag
Hepliaklqana
Kikubaaqudgha
Makhleb
Nemelex Xobeh
Okawaru
Qazlal
Ru
Sif Muna
Trog
Uskayaw
Vehumet
Wu Jian
Xom
Yredelemnul
Zin
The Shining One

Annotations:
D:6 exclusion: statue
D:10 2 transporters, Piu's ghost, novice GnTm
Lair:2 3 runed translucent doors, Eurus's ghost, journeyman DrTm
Lair:5 3 runed translucent doors


Innate Abilities, Weirdness & Mutations

Your experience applies equally to all skills.
You have very sharp teeth.
Your uncanny sense of smell can sniff out nearby items.


Message History

The death yak is severely wounded.
The yak gores you but does no damage. The death yak gores you.
You block the death yak's attack.
The yak gores the fungus! x2
Your lightning spire shoots out a bolt of lightning at the death yak!
The bolt of electricity hits the death yak!
The bolt of electricity hits the yak!
The yak dies!
Okawaru accepts your kill. The yak gores your lightning spire!
Your lightning spire is destroyed!
The death yak gores you!
* * * LOW HITPOINT WARNING * * *
The yak gores the fungus!
The death yak gores you.
* * * LOW HITPOINT WARNING * * *
The death yak gores you but does no damage.
As you read the scroll of teleportation, it crumbles to dust.
You feel strangely unstable.
The yak gores the fungus.
The death yak gores you!
* * * LOW HITPOINT WARNING * * *
The death yak gores you!
You die...

#P..........#....#.....
#.........#.....##.....
#.##.P......P.......#....
.......P.................
#......P.........#...P...
####......P..Y..#..#.Y.P....
#.....>....Pw†P####Y....P.Y.
##.........YYY..# ##8...#..Y
##...........@...#.# #....#
.. ...........P.......#
#.#.#...Y
....>...[...#.#..P##
..#.P....
P...........##....#
P.......#
#...†...#......#...........
###...####........... ....
##P.####........∆
#P.#.#..........
##..#............


You could see 2 death yaks, a torpor snail and 2 yaks.

Vanquished Creatures
  Josephine (D:10)
  2 hydras
  A two-headed ogre (D:8)
  A death yak (Lair:5)
  Maurice (D:9)
  3 elephants
  Joseph (D:7)
  4 spiny frogs
  A black mamba (Lair:4)
  Maggie (D:7)
  A rime drake (Lair:4)
  A komodo dragon (Lair:4)
  3 trolls
  A hippogriff (D:8)
  3 blink frogs (Lair:3)
  A spriggan (D:7)
  20 yaks
  4 wraiths
  A hungry ghost (D:10)
  Menkaure (D:5)
  2 porcupines (Lair:1)
  8 water moccasins
  3 orc warriors
  2 black bears
  2 sky beasts (D:9)
  2 ice beasts
  3 phantoms
  7 ogres
  6 centaurs
  3 crocodiles
  A big kobold (D:9)
  2 bullfrogs
  A wyvern skeleton (D:6)
  3 scorpions (D:6)
  4 killer bees (D:8)
  8 wights
  An electric eel (Lair:2)
  2 howler monkeys
  4 crimson imps
  3 bullfrog zombies
  A quasit (D:6)
  3 hounds
  Crazy Yiuf (D:7)
  4 jellies
  5 orc priests
  A gnoll shaman (D:8)
  2 bullfrog skeletons
  A centaur skeleton (D:8)
  3 iguanas
  8 orc wizards
  2 hell rats
  10 worker ants
  A hound skeleton (D:5)
  A mummy (D:7)
  A worker ant zombie (D:9)
  A howler monkey skeleton (D:10)
  16 gnolls
  6 adders
  5 river rats (Lair:1)
  2 shadow imps
  2 adder zombies
  An adder skeleton (D:4)
  2 worms
  A dart slug (D:5)
  3 leopard geckos
  29 orcs
  7 giant cockroaches
  7 goblins
  9 hobgoblins
  8 jackals
  9 kobolds
  6 quokkas
  A ball python (D:7)
  7 bats
  8 frilled lizards
  A leopard gecko skeleton (D:6)
  A quokka zombie (D:8)
  13 rats
  A fungus (Lair:4)
  A plant (Lair:4)
310 creatures vanquished.

Vanquished Creatures (collateral kills)
  Urug (Lair:4)
  3 oklob plants (Lair:2)
  An ugly thing (D:11)
  2 elephants
  A spiny frog (Lair:2)
  5 blink frogs (Lair:3)
  A hippogriff (Lair:4)
  A basilisk (Lair:2)
  A wyvern (Lair:2)
  A wraith (D:10)
  8 yaks
  2 porcupines
  4 water moccasins
  An ice beast (D:11)
  A phantom (D:10)
  A black bear (Lair:1)
  4 crocodiles
  A centaur (D:10)
  A bullfrog (Lair:1)
  A scorpion (Lair:4)
  A killer bee (D:8)
  A howler monkey (D:11)
  A hound (D:8)
  An orc priest (D:11)
  A jelly (D:10)
  An orc wizard (D:11)
  10 hell rats
  6 river rats (Lair:1)
  An orc (D:11)
  7 quokkas
  11 rats (Lair:1)
  A plant (Lair:2)
83 creatures vanquished.

Vanquished Creatures (others)
  An adder skeleton (D:7)
  2 fungi (Lair:5)
  A spectral weapon (Lair:5)
4 creatures vanquished.

Grand Total: 397 creatures vanquished

Notes
Turn   | Place    | Note
-------+----------+-------------------------------------------
     0 | D:1      | Kohma the Gnoll Transmuter began the quest for the Orb.
     0 | D:1      | Reached XP level 1. HP: 17/17 MP: 6/6
    77 | D:1      | Reached XP level 2. HP: 14/23 MP: 5/7
   873 | D:1      | Reached XP level 3. HP: 28/28 MP: 7/9
   997 | D:2      | Reached skill level 5 in Spellcasting
  1144 | D:2      | Learned a level 2 spell: Sticks to Snakes
  1148 | D:2      | Learned a level 3 spell: Spider Form
  1205 | D:2      | Reached skill level 1 in Invocations
  1264 | D:2      | Found a sparkling altar of Nemelex Xobeh.
  1264 | D:2      | Found a shattered altar of Ashenzari.
  1265 | D:2      | Found a shimmering altar of Xom.
  1309 | D:2      | Noticed a phantom
  1311 | D:2      | Reached skill level 1 in Short Blades
  1311 | D:2      | Reached skill level 1 in Long Blades
  1311 | D:2      | Reached skill level 1 in Axes
  1311 | D:2      | Reached skill level 1 in Maces & Flails
  1311 | D:2      | Reached skill level 1 in Polearms
  1311 | D:2      | Reached skill level 1 in Staves
  1311 | D:2      | Reached skill level 1 in Slings
  1311 | D:2      | Reached skill level 1 in Bows
  1311 | D:2      | Reached skill level 1 in Crossbows
  1311 | D:2      | Reached skill level 1 in Throwing
  1311 | D:2      | Reached skill level 1 in Armour
  1311 | D:2      | Reached skill level 1 in Stealth
  1311 | D:2      | Reached skill level 1 in Shields
  1311 | D:2      | Reached skill level 1 in Evocations
  1312 | D:2      | Reached XP level 4. HP: 34/34 MP: 7/11
  1337 | D:2      | Killed a phantom
  1337 | D:2      | Reached skill level 1 in Conjurations
  1337 | D:2      | Reached skill level 1 in Hexes
  1337 | D:2      | Reached skill level 1 in Charms
  1337 | D:2      | Reached skill level 1 in Summonings
  1337 | D:2      | Reached skill level 1 in Necromancy
  1337 | D:2      | Reached skill level 1 in Translocations
  1337 | D:2      | Reached skill level 1 in Fire Magic
  1337 | D:2      | Reached skill level 1 in Ice Magic
  1337 | D:2      | Reached skill level 1 in Air Magic
  1337 | D:2      | Reached skill level 1 in Earth Magic
  1337 | D:2      | Reached skill level 1 in Poison Magic
  1337 | D:2      | Reached XP level 5. HP: 22/40 MP: 7/12
  2275 | D:3      | Reached XP level 6. HP: 43/47 MP: 9/13
  2644 | D:3      | Reached skill level 5 in Dodging
  3034 | D:4      | Reached XP level 7. HP: 49/52 MP: 13/15
  3258 | D:4      | Reached skill level 7 in Unarmed Combat
  3504 | D:4      | Found a staircase to the Ecumenical Temple.
  3519 | Temple   | Entered the Ecumenical Temple
  3543 | Temple   | Became a worshipper of Warmaster Okawaru
  4534 | D:5      | Entered Level 5 of the Dungeon
  4581 | D:5      | Reached * piety under Okawaru
  4581 | D:5      | Reached XP level 8. HP: 30/60 MP: 10/16
  4631 | D:5      | Noticed Menkaure
  4639 | D:5      | Killed Menkaure
  4976 | D:5      | Got a bloodstained cloak
  4982 | D:5      | Identified the +1 cloak of Bank {rPois} (You found it on
                  | level 5 of the Dungeon)
  5271 | D:6      | Reached ** piety under Okawaru
  5322 | D:6      | Found a radiant altar of Vehumet.
  5370 | D:6      | Found a blossoming altar of Fedhas.
  5444 | D:6      | Found a glowing silver altar of Zin.
  5573 | D:6      | Found a sacrificial altar of Ru.
  5584 | D:6      | Reached XP level 9. HP: 63/66 MP: 15/18
  5604 | D:6      | Reached skill level 5 in Transmutations
  6065 | D:7      | Got an ivory flail
  6080 | D:7      | Reached *** piety under Okawaru
  6217 | D:7      | Noticed Maggie
  6253 | D:7      | Killed Maggie
  6253 | D:7      | Reached skill level 5 in Fighting
  6672 | D:7      | Identified the cursed +3 flail of Conformity {vorpal, rC+
                  | rN+ Str+4 Int+2} (You found it on level 7 of the Dungeon)
  6708 | D:7      | Learned a level 4 spell: Summon Lightning Spire
  6771 | D:7      | Noticed Joseph
  6792 | D:7      | Killed Joseph
  6792 | D:7      | Received a gift from Okawaru
  6792 | D:7      | Reached skill level 8 in Unarmed Combat
  7198 | D:7      | Found a runed translucent door.
  7199 | D:7      | Noticed Crazy Yiuf
  7209 | D:7      | Killed Crazy Yiuf
  7209 | D:7      | Reached skill level 5 in Invocations
  7321 | D:7      | Found a snail-covered altar of Cheibriados.
  7605 | D:8      | Reached **** piety under Okawaru
  7612 | D:8      | Found an opulent altar of Gozag.
  7643 | D:8      | Reached XP level 10. HP: 48/74 MP: 18/20
  7659 | D:8      | Found an ornate altar of the Wu Jian Council.
  7752 | D:8      | Noticed a two-headed ogre
  7776 | D:8      | Killed a two-headed ogre
  7776 | D:8      | Received a gift from Okawaru
  7776 | D:8      | Reached skill level 5 in Short Blades
  7776 | D:8      | Reached skill level 5 in Long Blades
  7776 | D:8      | Reached skill level 5 in Axes
  7776 | D:8      | Reached skill level 5 in Maces & Flails
  7776 | D:8      | Reached skill level 5 in Polearms
  7776 | D:8      | Reached skill level 5 in Staves
  7776 | D:8      | Reached skill level 5 in Slings
  7776 | D:8      | Reached skill level 5 in Bows
  7776 | D:8      | Reached skill level 5 in Crossbows
  7776 | D:8      | Reached skill level 5 in Throwing
  7776 | D:8      | Reached skill level 5 in Armour
  7776 | D:8      | Reached skill level 5 in Stealth
  7776 | D:8      | Reached skill level 5 in Shields
  7776 | D:8      | Reached skill level 5 in Evocations
  8048 | D:8      | HP: 3/76 [poisoned by a killer bee]
  8054 | D:8      | HP: 2/76 [poisoned by a killer bee]
  8062 | D:8      | HP: 2/76 [poisoned by a killer bee]
  8506 | D:8      | Received a gift from Okawaru
  8774 | D:8      | Found a hide-covered altar of Uskayaw.
  9134 | D:9      | Got a heavily runed scale mail
  9145 | D:9      | Identified the +0 scale mail of Incorporation {Str+6
                  | Stlth-} (You found it on level 9 of the Dungeon)
  9654 | D:9      | Found a radiant altar of Vehumet.
  9719 | D:9      | Noticed Maurice
  9814 | D:9      | Killed Maurice
  9814 | D:9      | Received a gift from Okawaru
 10478 | D:10     | Entered Level 10 of the Dungeon
 10485 | D:10     | Reached XP level 11. HP: 82/82 MP: 18/22
 10527 | D:10     | Reached ***** piety under Okawaru
 10631 | D:10     | Found the +1 cloak of Starlight {rElec rC+ EV+4 Stlth--}
 11163 | D:10     | Noticed Josephine
 11211 | D:10     | HP: 4/83 [Josephine/ghostly fireball (30)]
 11251 | D:9      | HP: 2/83 [wraith[Josephine] (10)]
 11258 | D:9      | HP: 1/83 [wraith[Josephine] (3)]
 11705 | D:10     | Killed Josephine
 11705 | D:10     | Reached skill level 9 in Unarmed Combat
 11705 | D:10     | Reached skill level 5 in Conjurations
 11705 | D:10     | Reached skill level 5 in Hexes
 11705 | D:10     | Reached skill level 5 in Charms
 11705 | D:10     | Reached skill level 5 in Summonings
 11705 | D:10     | Reached skill level 5 in Necromancy
 11705 | D:10     | Reached skill level 5 in Translocations
 11705 | D:10     | Reached skill level 5 in Fire Magic
 11705 | D:10     | Reached skill level 5 in Ice Magic
 11705 | D:10     | Reached skill level 5 in Air Magic
 11705 | D:10     | Reached skill level 5 in Earth Magic
 11705 | D:10     | Reached skill level 5 in Poison Magic
 11900 | D:10     | Found a transporter.
 11942 | D:10     | Received a gift from Okawaru
 11943 | D:10     | Found the +15 Maxwell's patent armour {-Cast -Tele rElec
                  | MR+ rCorr}
 12053 | D:9      | Learned a level 2 spell: Song of Slaying
 12096 | D:10     | Noticed Piu's ghost (novice GnTm)
 12189 | D:10     | Identified a scroll of acquirement
 12189 | D:10     | Identified the ring of Forghio {*Drain rC+ Int+4 Stlth+}
                  | (You acquired it on level 10 of the Dungeon)
 12189 | D:10     | Identified the Collected Works on Attacks and Stolen Souls
                  | (You acquired it on level 10 of the Dungeon)
 12223 | D:10     | Found a transporter.
 12757 | D:11     | Learned a level 1 spell: Apportation
 12759 | D:11     | Learned a level 1 spell: Summon Butterflies
 12799 | D:11     | Noticed a white ugly thing
 12808 | D:11     | Killed a red ugly thing
 13089 | D:11     | Noticed a six-headed hydra
 13102 | D:11     | Killed a six-headed hydra
 13248 | D:11     | Got a steaming chain mail
 13253 | D:11     | Found a staircase to the Lair.
 13452 | Lair:1   | Entered Level 1 of the Lair of Beasts
 14634 | Lair:2   | Reached XP level 12. HP: 28/91 MP: 16/24
 14761 | Lair:2   | Found a staircase to the Shoals.
 14778 | Lair:2   | Received a gift from Okawaru
 14852 | Lair:2   | Received a gift from Okawaru
 14853 | Lair:2   | Got a steaming longbow {god gift}
 14859 | Lair:2   | Identified the +2 longbow of Triumph {flame, rElec rF+ rC+}
                  | (Okawaru gifted it to you on level 2 of the Lair of Beasts)
 14921 | Lair:2   | Noticed a minotaur
 14922 | Lair:2   | Noticed Eurus's ghost (journeyman DrTm)
 14941 | Lair:2   | Found a runed translucent gate.
 14941 | Lair:2   | Found a runed translucent gate.
 14941 | Lair:2   | Found a runed translucent gate.
 14992 | Lair:2   | Noticed a five-headed hydra
 15003 | Lair:2   | Killed a five-headed hydra
 15125 | Lair:2   | Learned a level 3 spell: Confusing Touch
 16081 | Lair:3   | Received a gift from Okawaru
 16136 | Lair:3   | Found a sparkling altar of Nemelex Xobeh.
 16618 | Lair:4   | Reached ****** piety under Okawaru
 16652 | Lair:4   | Received a gift from Okawaru
 16679 | Lair:4   | Got an iridescent rapier
 16680 | Lair:4   | Identified the +5 rapier "Haminum" {antimagic, *Rage rN+
                  | Str+2 Int+7} (You found it on level 4 of the Lair of
                  | Beasts)
 16948 | Lair:4   | Found a staircase to the Snake Pit.
 17043 | Lair:4   | Got a pair of polished gloves
 17054 | Lair:4   | Identified the +0 pair of gloves of Ruizitua {rC- MR+
                  | Dex+6} (You found it on level 4 of the Lair of Beasts)
 17207 | Lair:4   | Noticed Urug
 17231 | Lair:4   | Killed Urug
 17231 | Lair:4   | Reached skill level 10 in Unarmed Combat
 17556 | Lair:4   | Learned a level 3 spell: Spectral Weapon
 17857 | Lair:5   | Found a runed translucent gate.
 17857 | Lair:5   | Found a runed translucent gate.
 17857 | Lair:5   | Found a runed translucent gate.
 17930 | Lair:5   | Found a staircase to the Slime Pits.
 17932 | Lair:5   | Noticed a death yak
 17934 | Lair:5   | Noticed a death yak
 17934 | Lair:5   | Noticed a death yak
 17971 | Lair:5   | Killed a death yak
 17976 | Lair:5   | Mangled by a death yak

Levels and vault maps discovered:
D:1:      shiori_shiawase, layout_basic, minmay_indecisive_spiral
D:2:      layout_loops_ring, gammafunk_temple_overflow_claw
D:3:      layout_loops_ring
D:4:      layout_layer_cave, temple_statues
D:5:      layout_cave_pools, first_ration, uniq_menkaure
D:6:      layout_basic, vehumet_statue, lemuel_round_altar,
          nicolae_overflow_crystal_walls, fedhas_altar_fruit_tree,
          interstate_on_off
D:7:      layout_basic, the_bakery, chei_slow_surprise, uniq_crazy_yiuf_cottage,
          uniq_maggie, uniq_joseph
D:8:      layout_basic, kennysheep_mini, kennysheep_little_box,
          lemuel_coloured_pillars_altar
D:9:      layout_basic, vehumet_altar_wand_db, uniq_maurice
D:10:     layout_rooms, gammafunk_ghost_stat_death, uniq_josephine
D:11:     layout_gridville, lair_entry_dummy
Temple:   hc_temple_tempest_star
Lair:1:   lemuel_ratsnest, layout_big_grid, guppyfry_lair_drakes
Lair:2:   layout_regular_city, shoals_dummy_entry,
          maelrawn_ghost_gauntlet_escape, minmay_lair_oklob_chamber,
          grunt_megastairs_3, lemuel_fruit_tree, infiniplex_staircase_pool
Lair:3:   layout_hall_layers, basic_altar
Lair:4:   layout_hall_layers, dummy_snake_entry, uniq_urug
Lair:5:   layout_misc_corridors, minmay_slime_entry_oklob_open,
          gammafunk_ghost_cemetery

Skill      XL: |  1  2  3  4  5  6  7  8  9 10 11 12 |
---------------+-------------------------------------+-----
Spellcasting   | 5 6 7 8 9 |  9.2
Invocations    | 1 2 3 4 5 6 7 8 |  8.4
Short Blades   | 1 2 3 4 5 6 7 |  7.6
Long Blades    | 1 2 3 4 5 6 7 |  7.6
Axes           | 1 2 3 4 5 6 7 |  7.6
Maces & Flails | 1 2 3 4 5 6 7 |  7.6
Polearms       | 1 2 3 4 5 6 7 |  7.6
Staves         | 1 2 3 4 5 6 7 |  7.6
Slings         | 1 2 3 4 5 6 7 |  7.6
Bows           | 1 2 3 4 5 6 7 |  7.6
Crossbows      | 1 2 3 4 5 6 7 |  7.6
Throwing       | 1 2 3 4 5 6 7 |  7.6
Armour         | 1 2 3 4 5 6 7 |  7.6
Stealth        | 1 2 3 4 5 6 7 |  7.6
Shields        | 1 2 3 4 5 6 7 |  7.6
Evocations     | 1 2 3 4 5 6 7 |  7.6
Conjurations   | 1 2 3 4 5 6 |  6.3
Hexes          | 1 2 3 4 5 6 |  6.3
Charms         | 1 2 3 4 5 6 |  6.3
Summonings     | 1 2 3 4 5 6 |  6.3
Necromancy     | 1 2 3 4 5 6 |  6.3
Translocations | 1 2 3 4 5 6 |  6.3
Fire Magic     | 1 2 3 4 5 6 |  6.3
Ice Magic      | 1 2 3 4 5 6 |  6.3
Air Magic      | 1 2 3 4 5 6 |  6.3
Earth Magic    | 1 2 3 4 5 6 |  6.3
Poison Magic   | 1 2 3 4 5 6 |  6.3
Fighting       | 3 4 5 6 7 8 |  8.1
Transmutations | 4 5 6 7 |  7.5
Dodging        | 5 6 7 8 9 |  9.0
Unarmed Combat | 7 8 9 10 | 10.1

Action                   |  1- 3 |  4- 6 |  7- 9 | 10-12 || total
-------------------------+-------+-------+-------+-------++-------
Melee: Unarmed           |    69 |   129 |   337 |   854 ||  1389
       Kick              |    10 |     2 |       |       ||    12
       Punch             |     1 |     1 |     3 |     4 ||     9
       Bite              |     4 |     3 |    11 |    73 ||    91
       Headbutt          |     4 |       |       |       ||     4
       Demon blade       |       |       |       |    54 ||    54
Throw: Stone             |       |       |     2 |       ||     2
       Dart              |       |       |       |     8 ||     8
 Cast: Beastly Appendage |    17 |     3 |       |       ||    20
       Spider Form       |     1 |    14 |    32 |    36 ||    83
       Sticks to Snakes  |       |       |    13 |    22 ||    35
       Summon Lightning  |       |       |       |    55 ||    55
       Confusing Touch   |       |       |       |     5 ||     5
       Spectral Weapon   |       |       |       |     1 ||     1
Invok: Heroism           |       |       |       |     1 ||     1
Evoke: Wand              |       |       |     5 |     8 ||    13
       Lightning rod     |       |       |       |     4 ||     4
  Use: Scroll            |       |       |    17 |    19 ||    36
       Potion            |       |       |       |     2 ||     2
 Stab: Sleeping          |     3 |     3 |     5 |     6 ||    17
       Distracted        |       |       |     4 |     9 ||    13
       Confused          |       |       |       |     7 ||     7
  Eat: Chunk             |     1 |     7 |    13 |    24 ||    45
       Ration            |       |       |     1 |     4 ||     5
Armor: Robe              |     6 |    12 |    17 |     6 ||    41
       Leather armour    |    14 |       |       |       ||    14
       Skin              |       |     2 |    25 |    35 ||    62
       Steam dragon scal |       |       |    14 |    16 ||    30
       Scale mail        |       |       |       |    16 ||    16
       Troll leather arm |       |       |       |   115 ||   115
Dodge: Dodged            |    62 |   124 |   325 |   899 ||  1410
Block: Buckler           |       |       |       |   129 ||   129
       Rpst.: Demon blade |       |       |       |    14 ||    14

Table legend:
 A = Non-vault XP
 B = Vault XP
 C = Vault XP percentage of total XP
 D = Non-vault monster count
 E = Vault monster count
 F = Vault count percentage of total count
                 A         B        C        D         E       F
            +---------+---------+-------+---------+---------+-------
      Total |   25691 |    5871 |  18.6 |     327 |      63 |  16.2
            +---------+---------+-------+---------+---------+-------
        D:1 |      28 |       6 |  17.6 |      21 |       4 |  16.0
        D:2 |     202 |       0 |   0.0 |      20 |       0 |   0.0
        D:3 |     337 |       0 |   0.0 |      35 |       0 |   0.0
        D:4 |     550 |       0 |   0.0 |      15 |       0 |   0.0
        D:5 |     580 |     165 |  22.1 |      15 |       1 |   6.2
        D:6 |    1060 |       0 |   0.0 |      26 |       0 |   0.0
        D:7 |     460 |    1034 |  69.2 |      12 |       5 |  29.4
        D:8 |    2630 |       0 |   0.0 |      43 |       0 |   0.0
        D:9 |    1940 |     897 |  31.6 |      29 |       4 |  12.1
       D:10 |    1669 |    1655 |  49.8 |      22 |       4 |  15.4
       D:11 |    1791 |       0 |   0.0 |      11 |       0 |   0.0
     Lair:1 |    2268 |     642 |  22.1 |      12 |      39 |  76.5
     Lair:2 |    5057 |    1001 |  16.5 |      24 |       5 |  17.2
     Lair:3 |    2893 |       0 |   0.0 |      17 |       0 |   0.0
     Lair:4 |    2192 |     471 |  17.7 |      16 |       1 |   5.9
     Lair:5 |    2034 |       0 |   0.0 |       9 |       0 |   0.0
            +---------+---------+-------+---------+---------+-------
